 Dungeon Crawl Stone Soup version 0.29-a0-962-gc8bbfd0a37 (webtiles) character file.

Game seed: 14762124027987724165

4664 avis the Frost Mage (level 10, -2/86 HPs)
             Began as a Demigod Ice Elementalist on July 31, 2022.
             Slain by Joseph
             ... wielding a +4 quarterstaff of speed
              (10 damage)
             ... on level 7 of the Dungeon.
             The game lasted 01:13:11 (10634 turns).

avis the Frost Mage (Demigod Ice Elementalist)     Turns: 10634, Time: 01:13:13

Health: -2/86      AC: 11    Str: 12    XL:     10   Next: 1%
Magic:  13/21      EV: 16    Int: 17    God:
Gold:   182        SH:  0    Dex: 26    Spells: 12/19 levels left

rFire   . . .      SeeInvis .   a - +3 sling (freeze)
rCold   . . .      Faith    .   (no shield)
rNeg    + . .      Spirit   .   G - +0 leather armour "Qealilel" {rN+ Str+3}
rPois   +          Reflect  .   d - +0 helmet
rElec   .          Harm     .   (no cloak)
rCorr   .          Rampage  .   (no gloves)
Will    +....                   j - +1 pair of boots
Stlth   ++........              (no amulet)
HPRegen 0.24/turn               A - ring of poison resistance
MPRegen 0.17/turn               J - +4 ring of slaying

@: ice-armoured, freezing walls, very slightly contaminated
A: high MP 1, forlorn, divine attributes
a: no special abilities


You were on level 7 of the Dungeon.
You visited 2 branches of the dungeon, and saw 8 of its levels.
You also visited: Sewer.

You collected 457 gold pieces.
You spent 275 gold pieces at shops.

Inventory:

Hand Weapons
 a - a +3 sling of freezing (weapon)
 b - a +2 dagger of electrocution
 w - a +0 dagger of venom
 z - a +0 arbalest
 F - a +0 shortbow
Missiles
 C - 5 boomerangs
Armour
 d - a +0 helmet (worn)
 j - a +1 pair of boots (worn)
 s - a +0 robe
 G - the +0 leather armour "Qealilel" (worn) {rN+ Str+3}
   (You found it on level 7 of the Dungeon)

   Str:       It affects your strength (+3).
   rN:        It protects you from negative energy.
Magical Staves
 t - a staff of death
Jewellery
 m - a ring of fire
 A - a ring of poison resistance (left hand)
 H - a ring of fire
 J - a +4 ring of slaying (right hand)
Wands
 q - a wand of digging (3)
Scrolls
 c - a scroll of teleportation {unknown}
 e - 2 scrolls of magic mapping {unknown}
 h - a scroll of brand weapon {unknown}
 i - a scroll of fear {unknown}
 k - a scroll of silence {unknown}
 l - 4 scrolls of enchant weapon {unknown}
 p - 2 scrolls of noise {unknown}
 r - a scroll of fog {unknown}
 u - a scroll of summoning {unknown}
 x - 3 scrolls of poison {unknown}
 y - a scroll of vulnerability {unknown}
 E - a scroll of blinking {unknown}
 I - 2 scrolls of amnesia {unknown}
Potions
 f - 2 potions of brilliance
 g - 2 potions of cancellation
 n - 3 potions of curing
 o - 4 potions of magic
 v - a potion of might
 B - 3 potions of flight
 D - a potion of lignification
 O - a potion of invisibility {unknown}


   Skills:
 - Level 7.0 Fighting
 * Level 5.1 Ranged Weapons
 - Level 6.0 Dodging
 - Level 2.0 Stealth
 - Level 5.0 Spellcasting
 + Level 8.0 Ice Magic


You had 12 spell levels left.
You knew the following spells:

 Your Spells              Type           Power      Damage    Failure   Level
a - Freeze                Ice            100%       1d11      1%          1
o - Ozocubu's Armour      Ice            31%        N/A       1%          3
r - Frozen Ramparts       Ice            62%        1d8       1%          3

Your spell library contained the following spells:

 Spells                   Type           Power      Damage    Failure   Level
 Magic Dart               Conj           16%        1d3       19%         1
 Slow                     Hex            16%        N/A       19%         1
 Call Imp                 Summ           4%         N/A       26%         2
 Static Discharge         Conj/Air       4%         3-4/arc   26%         2
 Sublimation of Blood     Necr           4%         N/A       26%         2
 Hailstorm                Conj/Ice       17%        3d6       34%         4
 Confusing Touch          Hex            4%         N/A       47%         3
 Dazzling Flash           Conj/Hex       8%         N/A       47%         3
 Mephitic Cloud           Conj/Pois/Air  4%         N/A       47%         3
 Vampiric Draining        Necr           4%         2d6       47%         3
 Animate Dead             Necr           4%         N/A       87%         4
 Corpse Rot               Necr/Pois/Air  4%         N/A       87%         4
 Petrify                  Tmut/Erth      4%         N/A       87%         4
 Irradiate                Conj/Tmut      2%         3d12      99%         5
 Lightning Bolt           Conj/Air       2%         1d13      99%         5
 Haunt                    Necr/Summ      2%         N/A       100%        7
 Infestation              Necr           2%         N/A       100%        8
 Maxwell's Capacitive Co  Air            2%         ∞         100%        8
 Necromutation            Tmut/Necr      2%         N/A       100%        8


Dungeon Overview and Level Annotations

Branches:
Dungeon (7/15)             Temple (1/1) D:6           Sewer (visited)

Shops:
D:7 (

Annotations:
D:5 4 runed translucent doors, exclusion: door, Crazy Yiuf; bchevrier's ghost, novice GnWn
D:7 1 runed translucent door, Joseph


Innate Abilities, Weirdness & Mutations

You have an increased reservoir of magic. (+10% MP)
You shall have no god before yourself.
Your divine heritage dramatically boosts your attributes as you level up.


Message History

The wall freezes Joseph!
Joseph misses you.
Fire: a) +3 sling (freeze)
Press: ? - help, Q - select action, (/) - cycle Shift-Dir - straight line, f - Joseph
Aim: Joseph, wielding a +4 quarterstaff of speed, wearing a +2 ring mail of fire resistance and carrying a wand of charming (7) (moderately wounded, 76% to hit)
You shoot a sling bullet.
The sling bullet hits Joseph but does no damage.
Joseph is moderately wounded.
The wall freezes Joseph!
Joseph barely misses you.
Fire: a) +3 sling (freeze)
Press: ? - help, Q - select action, (/) - cycle Shift-Dir - straight line, f/p - Joseph
Aim: Joseph, wielding a +4 quarterstaff of speed, wearing a +2 ring mail of fire resistance and carrying a wand of charming (7) (moderately wounded, 76% to hit)
You shoot a sling bullet. The sling bullet hits Joseph.
The sling bullet freezes Joseph.
Joseph is moderately wounded.
The wall freezes Joseph.
Joseph barely misses you.
The wall freezes Joseph.
Joseph hits you with a +4 quarterstaff of speed!
* * * LOW HITPOINT WARNING * * *
Fire: a) +3 sling (freeze)
Press: ? - help, Q - select action, (/) - cycle Shift-Dir - straight line, f/p - Joseph
Aim: Joseph, wielding a +4 quarterstaff of speed, wearing a +2 ring mail of fire resistance and carrying a wand of charming (7) (heavily wounded, 76% to hit)
You shoot a sling bullet. The sling bullet hits Joseph.
The sling bullet freezes Joseph.
Joseph is severely wounded.
The wall freezes Joseph.
Joseph misses you.
The wall freezes Joseph.
Joseph hits you with a +4 quarterstaff of speed!
* * * LOW HITPOINT WARNING * * *
You feel better.
The wall freezes Joseph.
Joseph says, "I'm happy to see you. And I'll be happy to kill you."
Joseph hits you with a +4 quarterstaff of speed!
* * * LOW HITPOINT WARNING * * *
Fire: a) +3 sling (freeze)
Press: ? - help, Q - select action, (/) - cycle Shift-Dir - straight line, f/p - Joseph
Aim: Joseph, wielding a +4 quarterstaff of speed, wearing a +2 ring mail of fire resistance and carrying a wand of charming (7) (severely wounded, 76% to hit)
You shoot a sling bullet. The sling bullet hits Joseph.
The sling bullet freezes Joseph.
Joseph is severely wounded.
The wall freezes Joseph!
Joseph hits you but does no damage.
The wall freezes Joseph.
Joseph hits you with a +4 quarterstaff of speed!
You die...

#.......###...#...
#.......# #.......
#.....#####.##....
##...### #..# #.<
###...####.# #..
##...##..####..
#####.........#...
#+####.........##......
#....@@#.......##......
#########.$............
#....#..####...
###...#..#......
#.....##....<...
##....##........
###............
##...........
#.....##.###


You could see Joseph.

Vanquished Creatures
  Pikel (D:6)
  Prince Ribbit (D:7)
  Grinder (D:4)
  6 yaks (D:7)
  2 water moccasins
  2 orc warriors (D:7)
  A black bear (D:5)
  3 ice beasts
  A sky beast (D:5)
  An ogre (D:6)
  A centaur (D:7)
  3 lemures (D:6)
  A phantom (D:5)
  2 kobold brigands
  Blork the orc (D:5)
  A bullfrog (D:6)
  5 necrophages (D:6)
  4 scorpions
  4 wights (D:6)
  A bullfrog zombie (D:6)
  A jelly (D:4)
  5 hounds
  3 iguanas
  A centaur skeleton (D:6)
  A gnoll bouda (D:4)
  4 orc wizards
  A spectral killer bee (D:6)
  A bullfrog simulacrum (D:6)
  16 gnolls
  7 adders
  3 river rats (Sewer)
  3 white imps
  3 ufetubi
  2 worms
  4 dart slugs
  17 orcs
  7 ball pythons
  7 endoplasms
  A giant cockroach (D:6)
  3 goblins
  4 hobgoblins
  12 jackals
  4 quokkas
  6 bats
  4 frilled lizards
  17 kobolds
  5 rats
184 creatures vanquished.

Vanquished Creatures (others)
  20 withered plants (D:6)
20 creatures vanquished.

Grand Total: 204 creatures vanquished

Notes
Turn   | Place    | Note
-------+----------+-------------------------------------------
     0 | D:1      | avis the Demigod Ice Elementalist began the quest for the
                  | Orb.
     0 | D:1      | Reached XP level 1. HP: 14/14 MP: 5/5
   182 | D:1      | Reached XP level 2. HP: 20/20 MP: 2/7
   298 | D:1      | Reached skill level 1 in Fighting
   434 | D:1      | Got the Discursus on Enthralling Gloom
   952 | D:2      | Reached XP level 3. HP: 25/29 MP: 4/8
  1319 | D:2      | Reached skill level 4 in Ice Magic
  1331 | D:2      | Learned a level 3 spell: Ozocubu's Armour
  1745 | D:2      | Reached XP level 4. HP: 18/36 MP: 0/10
  2196 | D:2      | Learned a level 3 spell: Frozen Ramparts
  2544 | D:3      | You fall into a shaft and drop 1 floor!
  2637 | D:4      | Reached XP level 5. HP: 41/41 MP: 5/12
  3161 | D:3      | Reached skill level 5 in Ice Magic
  3900 | D:4      | Noticed an ice beast
  3913 | D:4      | Killed an ice beast
  3914 | D:4      | Reached XP level 6. HP: 12/48 MP: 9/15
  4679 | D:5      | Entered Level 5 of the Dungeon
  4902 | D:4      | Reached skill level 6 in Ice Magic
  5140 | D:5      | Noticed Blork the orc
  5327 | D:4      | Reached XP level 7. HP: 49/57 MP: 9/16
  5436 | D:5      | Killed Blork the orc
  5738 | D:5      | Noticed Grinder
  5747 | D:4      | Paralysed by Grinder for 3 turns
  5754 | D:4      | Paralysed by Grinder for 3 turns
  6059 | D:4      | Paralysed by Grinder for 3 turns
  6063 | D:4      | Killed Grinder
  6064 | D:4      | Reached skill level 5 in Spellcasting
  6428 | D:5      | Found a runed translucent gate.
  6428 | D:5      | Identified the +2 scale mail of Going Fast {rF+ Str+2
                  | Dex+3}
  6429 | D:5      | Found a runed translucent gate.
  6429 | D:5      | Noticed bchevrier's ghost (novice GnWn)
  6430 | D:5      | Found a runed translucent gate.
  6596 | D:5      | Reached XP level 8. HP: 52/66 MP: 19/19
  6727 | D:5      | Found a runed translucent door.
  6727 | D:5      | Noticed Crazy Yiuf
  7204 | D:6      | Reached skill level 7 in Ice Magic
  7569 | D:6      | Noticed Pikel
  7579 | D:6      | Killed Pikel
  7580 | D:6      | Reached skill level 8 in Ice Magic
  7585 | D:6      | Identified the +1 ring mail of the Equator {Drain rC+ rN+
                  | Str+6}
  7611 | D:6      | Reached skill level 5 in Fighting
  7654 | D:6      | Found a glowing drain.
  7663 | Sewer    | Entered a sewer
  8174 | D:6      | Found a staircase to the Ecumenical Temple.
  8204 | Temple   | Entered the Ecumenical Temple
  8235 | D:6      | Reached skill level 5 in Dodging
  8278 | D:6      | Reached XP level 9. HP: 74/74 MP: 14/20
  8986 | D:6      | Found the +4 dagger "Morg" {pain, Will+ Int+5}
  9738 | D:7      | Noticed Prince Ribbit
  9747 | D:7      | Killed Prince Ribbit
  9748 | D:7      | Reached skill level 1 in Ranged Weapons
 10407 | D:7      | Found Bualonn's Weapon Shop.
 10412 | D:7      | Bought a +3 sling of freezing for 275 gold pieces
 10454 | D:7      | Reached skill level 5 in Ranged Weapons
 10456 | D:7      | Reached XP level 10. HP: 86/86 MP: 15/21
 10553 | D:7      | Identified the +0 leather armour "Qealilel" {rN+ Str+3}
 10588 | D:7      | Noticed Joseph
 10625 | D:7      | Found a runed translucent door.
 10634 | D:7      | Slain by Joseph

Illustrated notes

Levels and vault maps discovered:
D:1:      spicycebolla_arrival_risky_transporter, layout_basic,
          basic_ecumenical_altar, kennysheep_another_room
D:2:      layout_rooms, basic_altar
D:3:      layout_loops_ring
D:4:      layout_basic, mainiacjoe_overflow_concentric_impassable,
          kennysheep_ying_yang, ashenzari_altar_1, lemuel_another_geyser
D:5:      layout_loops_cross, biasface_ghost_orc_armoury,
          corexii_item_surrounded_by_moat, minmay_crystal_room,
          uniq_blork_the_orc, uniq_grinder, uniq_crazy_yiuf_cottage
D:6:      minmay_general_purpose_star, layout_loops_ring,
          minmay_temple_entry_statues_pillars, cheibrodos_sewer_entry_drain,
          dilly_guarded_unrand_morg, uniq_pikel
D:7:      layout_cave_pools, serial_shops, nicolae_shop_bloodbath_and_beyond,
          lightli_church_of_beogh, uniq_prince_ribbit1, uniq_joseph
Temple:   nicolae_temple_slightly_damp_pantheon

Skill      XL: |  1  2  3  4  5  6  7  8  9 |
---------------+----------------------------+-----
Dodging        | 2 3 5 6 |  6.0
Stealth        | 2 |  2.0
Spellcasting   | 2 3 4 5 |  5.0
Fighting       | 1 2 3 4 5 7 |  7.0
Ice Magic      | 4 5 6 8 |  8.0
Ranged Weapons | 5 |  5.1

Action                   |  1- 3 |  4- 6 |  7- 9 | 10-12 || total
-------------------------+-------+-------+-------+-------++-------
Melee: Flail             |     8 |       |   148 |       ||   156
       Halberd           |       |    82 |       |       ||    82
       Dagger            |       |     4 |    76 |       ||    80
       Punch             |       |       |     3 |       ||     3
 Fire: Shortbow          |       |       |    40 |       ||    40
       Sling             |       |       |     6 |     6 ||    12
 Cast: Freeze            |    49 |    23 |     5 |       ||    77
       Ozocubu's Armour  |     1 |    20 |    38 |     1 ||    60
       Frozen Ramparts   |       |    15 |    39 |     1 ||    55
  Use: Scroll            |       |     8 |     2 |       ||    10
       Potion            |       |       |     7 |     1 ||     8
 Stab: Sleeping          |     1 |     9 |     2 |       ||    12
Armor: Robe              |     4 |    37 |    81 |       ||   122
       Leather armour    |       |       |       |     1 ||     1
Dodge: Dodged            |    21 |    91 |   265 |     6 ||   383

Table legend: (Time is in decaauts)
 A = Elapsed time spent in this place.
 B = Non-inter-level travel time spent in this place.
 C = Inter-level travel time spent in this place.
 D = Time resting spent in this place.
 E = Time spent auto-exploring this place.
 F = Levels seen in this place.
 G = Mean time per level.
                   A        B        C        D        E       F      G
               +--------+--------+--------+--------+--------+-----+--------+
         Total |  10777 |   9621 |   1156 |   4659 |   2515 |   9 | 1197.4 |
       Dungeon |  10233 |   9077 |   1156 |   4320 |   2515 |   7 | 1461.9 |
        Temple |     22 |     22 |      0 |      0 |      0 |   1 |   22.0 |
         Sewer |    522 |    522 |      0 |    339 |      0 |   1 |  522.0 |
               +--------+--------+--------+--------+--------+-----+--------+

Top non-repeatable levels by time:
     D:4: 2365 daAuts
     D:6: 2032 daAuts
     D:5: 1511 daAuts
     D:2: 1447 daAuts
     D:1: 1091 daAuts
     D:7: 947 daAuts
     D:3: 837 daAuts
   Sewer: 522 daAuts
  Temple: 22 daAuts
